 Dungeon Crawl Stone Soup version 0.23.2-40-g277498a (webtiles) character file.

Game seed: 8631521598865505519

392 Fang the Skirmisher (level 6, 0/40 HPs)
             Began as a Gargoyle Berserker on Oct 23, 2019.
             Was a Believer of Trog.
             Slain by a bullfrog skeleton (3 damage)
             ... on level 5 of the Dungeon on Oct 24, 2019.
             The game lasted 00:06:54 (3429 turns).

Fang the Skirmisher (Gargoyle Berserker)            Turns: 3429, Time: 00:06:55

Health: 0/40       AC: 13    Str: 22    XL:     6   Next: 80%
Magic:  6/6        EV:  9    Int:  8    God:    Trog [**....]
Gold:   224        SH:  0    Dex:  9    Spells: 5/5 levels left

rFire    . . .     SeeInvis .   a - +0 hand axe
rCold    . . .     Gourm    .   (no shield)
rNeg     + . .     Faith    .   b - +0 chain mail
rPois    ∞         Spirit   .   (no helmet)
rElec    +         Reflect  .   h - scarf {repulsion}
rCorr    .         Harm     .   (no gloves)
MR       .....                  (no boots)
Stlth    ..........             (no amulet)
HPRegen  0.13/turn              (no ring)
MPRegen  0.10/turn              (no ring)

@: berserk cooldown, slowed, repel missiles, very slow
A: negative energy resistance 1, electricity resistance, unbreathing,
petrification resistance, rot immunity, AC +4
a: Berserk, Trog's Hand, Renounce Religion


You were on level 5 of the Dungeon.
You worshipped Trog.
Trog was pleased with you.
You were not hungry.

You visited 1 branch of the dungeon, and saw 5 of its levels.

You collected 224 gold pieces.

Inventory:

Hand Weapons
 a - a +0 hand axe (weapon)
Armour
 b - a +0 chain mail (worn)
 h - a scarf of repulsion (worn)
Jewellery
 v - an uncursed amulet of guardian spirit {unknown}
Wands
 y - a wand of scattershot (5)
Scrolls
 e - 2 scrolls of remove curse {unknown}
 g - 2 scrolls of fog {unknown}
 i - a scroll of enchant armour {unknown}
 k - a scroll of magic mapping {unknown}
 n - a scroll of enchant weapon {unknown}
 o - a scroll of teleportation {unknown}
 s - a scroll of blinking {unknown}
 t - 2 scrolls of immolation {unknown}
 u - 2 scrolls of identify {unknown}
 w - 2 scrolls of amnesia {unknown}
Potions
 d - 4 potions of flight {unknown}
 f - a potion of heal wounds {unknown}
 j - a potion of berserk rage {unknown}
 l - 2 potions of lignification {unknown}
 m - a potion of invisibility {unknown}
 p - 2 potions of curing {unknown}
 r - a potion of experience {unknown}
 x - a potion of might {unknown}
Comestibles
 c - 4 rations
 q - 4 chunks of flesh


   Skills:
 + Level 4.9 Fighting
 + Level 4.1 Axes
 + Level 4.2 Armour
 + Level 3.1 Dodging


You had 5 spell levels left.
You didn't know any spells.
Your spell library was empty.

Dungeon Overview and Level Annotations

Branches:
Dungeon (5/15)
 Temple: D:4-7

Altars:


Innate Abilities, Weirdness & Mutations

You are resistant to torment.
Your stone body is resilient. (AC +4)
You are immune to poison.
You resist negative energy. (rN+)
You are resistant to electric shocks. (rElec)
You can survive without breathing.
You are immune to petrification.
You are immune to rotting.


Message History

You hit the bullfrog skeleton.
The bullfrog skeleton is heavily damaged.
The bullfrog skeleton hits you but does no damage. x2
You hit the bullfrog skeleton.
The bullfrog skeleton is severely damaged.
The bullfrog skeleton hits you but does no damage.
The bullfrog skeleton hits you.
* * * LOW HITPOINT WARNING * * *
You hit the bullfrog skeleton.
The bullfrog skeleton is severely damaged.
The bullfrog skeleton hits you but does no damage. x2
Your chain mail prevents you from hitting the bullfrog skeleton.
The bullfrog skeleton is severely damaged.
The bullfrog skeleton hits you but does no damage.
The bullfrog skeleton hits you.
* * * LOW HITPOINT WARNING * * *
You hit the bullfrog skeleton.
The bullfrog skeleton is almost destroyed.
The bullfrog skeleton hits you.
You die...

###########
..........#
..........#
..........#
..........+
..........#
..........#
.......@Z.#########
#####+##...........
#...........
#...........
#...........
#...........
+....!......
#...........
##+###+###..


You could see a bullfrog skeleton.

Vanquished Creatures
  An ice beast (D:5)
  An ogre (D:4)
  A worker ant (D:4)
  Terence (D:2)
  6 adders
  A river rat (D:4)
  An adder skeleton (D:4)
  4 worms
  2 dart slugs
  3 leopard geckos
  8 orcs (D:4)
  4 ball pythons
  9 bats
  8 giant cockroaches
  5 goblins
  9 hobgoblins
  7 kobolds
  3 quokkas
  A frilled lizard (D:1)
  5 rats
80 creatures vanquished.

Notes
Turn   | Place    | Note
-------+----------+-------------------------------------------
     0 | D:1      | Fang the Gargoyle Berserker began the quest for the Orb.
     0 | D:1      | Reached XP level 1. HP: 14/14 MP: 1/1
   149 | D:1      | Reached XP level 2. HP: 13/19 MP: 2/2
  1142 | D:2      | Reached XP level 3. HP: 23/23 MP: 3/3
  1439 | D:2      | Noticed Terence
  1449 | D:2      | Killed Terence
  1449 | D:2      | Reached ** piety under Trog
  1449 | D:2      | Reached XP level 4. HP: 23/29 MP: 4/4
  2520 | D:4      | Reached XP level 5. HP: 19/33 MP: 5/5
  2591 | D:4      | Noticed an ogre
  2599 | D:4      | Killed an ogre
  2698 | D:4      | Reached XP level 6. HP: 19/39 MP: 6/6
  3387 | D:5      | Entered Level 5 of the Dungeon
  3387 | D:5      | Noticed an ice beast
  3406 | D:5      | Killed an ice beast
  3428 | D:5      | HP: 2/40 [bullfrog skeleton (2)]
  3429 | D:5      | Slain by a bullfrog skeleton

Skill      XL: |  1  2  3  4  5  6 |
---------------+-------------------+-----
Axes           | 3 4 |  4.1
Dodging        | 2 3 |  3.1
Armour         | 3 4 |  4.2
Fighting       | 4 |  4.9

Action                   |  1- 3 |  4- 6 || total
-------------------------+-------+-------++-------
Melee: Hand axe          |   119 |   223 ||   342
Invok: Berserk           |       |     2 ||     2
  Eat: Chunk             |     2 |     8 ||    10
Armor: Animal skin       |    56 |     1 ||    57
       Chain mail        |       |   146 ||   146
Dodge: Dodged            |   109 |   110 ||   219
       Deflected         |       |     2 ||     2
